[Event "Titled Tuesday Blitz April 11 Early 2023"]
[White "Svane, Frederik"]
[Black "Williams, Simon K"]
[WhiteFideId "12923044"]
[BlackFideId "404454"]
[WhiteElo "2502"]
[BlackElo "2468"]
[Result "1-0"]
[Round "03"]
[TimeControl "180+2"]
[Date "2023.04.11"]
[WhiteClock "0:01:05"]
[BlackClock "0:00:16"]

1. g3 f5 2. Bg2 Nf6 3. Nc3 e5 4. d4 e4 5. Bg5 c6 6. d5 h6 7. Bxf6 Qxf6 8. e3 b5 9. a3 Na6 10. Nge2 g5 11. h4 Bg7 12. Qd2 Rb8 13. g4 O-O 14. gxf5 Qxf5 15. Nxe4 cxd5 16. N2g3 Qe5 17. Nc3 d4 18. Qxd4 Qxd4 19. exd4 Bxd4 20. Nge4 g4 21. O-O-O Bxf2 22. Rd6 Be3+ 23. Kb1 Nc5 24. Nf6+ Rxf6 25. Rxf6 Rb6 26. Nd5 Bd4 27. Rxb6 axb6 28. Ne7+ Kf7 29. Nxc8 1-0


[Site "https://www.chess.com"]

[Event "Titled Tuesday Blitz April 11 Early 2023"]
[White "Poliakova, Varvara"]
[Black "Iturrizaga Bonelli, Eduardo"]
[WhiteFideId "13518313"]
[BlackFideId "3901211"]
[WhiteElo "2075"]
[BlackElo "2637"]
[Result "1-0"]
[Round "03"]
[TimeControl "180+2"]
[Date "2023.04.11"]
[WhiteClock "0:00:14"]
[BlackClock "0:00:03"]

1. e4 c5 2. Nf3 e6 3. d4 cxd4 4. Nxd4 a6 5. Nc3 b5 6. g3 Bb7 7. Bg2 h5 8. h4 Nf6 9. a3 d6 10. Bg5 Nbd7 11. O-O Qc7 12. Re1 Be7 13. Nd5 exd5 14. exd5 Kf8 15. Nf5 Ne5 16. Nxe7 Qxe7 17. f4 Rd8 18. fxe5 dxe5 19. Qe2 Re8 20. d6 Qxd6 21. Bxb7 Qb6+ 22. Qe3 Qxb7 23. Qc5+ Kg8 24. Rxe5 Rc8 25. Qe7 Qxe7 26. Rxe7 Ng4 27. Rd1 f6 28. Bf4 Kh7 29. Rdd7 Rhg8 30. Rc7 Rcd8 31. Rcd7 Rc8 32. c3 Kg6 33. Kg2 Rc4 34. Kf3 a5 35. Rd4 Rc5 36. Rc7 Rf5 37. Kg2 a4 38. Re7 Rc5 39. Rdd7 Rc4 40. Kf3 Rc5 41. Kg2 Rf5 42. Rd6 Rc8 43. Rdd7 Rg8 44. Rd6 Kh7 45. Rdd7 Rc5 46. Rc7 Rd5 47. Rcd7 Rxd7 48. Rxd7 Re8 49. Kf3 Nh2+ 50. Kf2 Ng4+ 51. Kf3 Re1 52. Rb7 Rf1+ 53. Ke4 Kg6 54. Rxb5 Rd1 55. c4 Nf2+ 56. Ke3 Ng4+ 57. Ke2 Rd4 58. c5 Kf7 59. c6 Rc4 60. Rb7+ Ke6 61. c7 Ne5 62. Rb6+ Kd5 63. Rb5+ Ke4 64. Rb4 1-0


[Site "https://www.chess.com"]

[Event "Titled Tuesday Blitz April 11 Early 2023"]
[White "Gharibyan, Mamikon"]
[Black "Hua, Lefong"]
[WhiteFideId "13308300"]
[BlackFideId "2602253"]
[WhiteElo "2445"]
[BlackElo "2609"]
[Result "1-0"]
[Round "03"]
[TimeControl "180+2"]
[Date "2023.04.11"]
[WhiteClock "0:00:20"]
[BlackClock "0:00:04"]

1. d4 Nf6 2. c4 c5 3. d5 e6 4. Nc3 exd5 5. cxd5 d6 6. e4 g6 7. f4 Bg7 8. Bb5+ Nbd7 9. Nf3 O-O 10. O-O a6 11. Bxd7 Nxd7 12. a4 Re8 13. Re1 c4 14. Be3 Qc7 15. Bd4 Bxd4+ 16. Qxd4 Qc5 17. a5 Qxd4+ 18. Nxd4 Nc5 19. Re3 b5 20. axb6 Rb8 21. Na4 Nxa4 22. Rxa4 Rxb6 23. Rxc4 Rxb2 24. e5 dxe5 25. fxe5 Bd7 26. Rc7 Bb5 27. d6 Rd2 28. Nf3 Rd1+ 29. Kf2 h6 30. h4 Ra8 31. e6 Rxd6 32. exf7+ Kf8 33. Ne5 Rf6+ 34. Kg3 a5 35. Rc5 Ba4 36. Re4 1-0


[Site "https://www.chess.com"]

[Event "Titled Tuesday Blitz April 11 Early 2023"]
[White "Kamsky, Gata"]
[Black "Filgueira, Hernan"]
[WhiteFideId "2000024"]
[BlackFideId "101770"]
[WhiteElo "2660"]
[BlackElo "2363"]
[Result "1-0"]
[Round "03"]
[TimeControl "180+2"]
[Date "2023.04.11"]
[WhiteClock "0:01:32"]
[BlackClock "0:00:53"]

1. d4 d6 2. Nf3 Bg4 3. e4 Nf6 4. Bd3 e6 5. O-O Nbd7 6. Re1 e5 7. c3 Be7 8. Nbd2 O-O 9. h3 Bh5 10. Nf1 exd4 11. cxd4 c5 12. e5 Nd5 13. Ng3 Bg6 14. Bxg6 hxg6 15. exd6 Bf6 16. dxc5 Nb4 17. Ne4 Na6 18. Be3 Rc8 19. Qd5 Nb4 20. Qb3 Na6 21. Rac1 Rb8 22. Qb5 Qc8 23. b4 Re8 24. Nxf6+ Nxf6 25. Bg5 Qc6 26. Qxc6 bxc6 27. Bxf6 gxf6 28. a3 1-0


[Site "https://www.chess.com"]

[Event "Titled Tuesday Blitz April 11 Early 2023"]
[White "Salinas Herrera, Pablo"]
[Black "Shevtchenko, Olesya"]
[WhiteFideId "3407128"]
[BlackFideId "24131890"]
[WhiteElo "2546"]
[BlackElo "2003"]
[Result "1-0"]
[Round "03"]
[TimeControl "180+2"]
[Date "2023.04.11"]
[WhiteClock "0:00:32"]
[BlackClock "0:00:08"]

1. e4 c6 2. Nf3 d5 3. Nc3 dxe4 4. Nxe4 Nf6 5. Qe2 Nxe4 6. Qxe4 Qd5 7. Qf4 Qf5 8. d3 Qxf4 9. Bxf4 Nd7 10. O-O-O Nf6 11. h3 a5 12. c4 h6 13. d4 Bf5 14. Be2 e6 15. Ne5 Be7 16. g4 Bh7 17. f3 O-O 18. h4 Rad8 19. Be3 Nd7 20. Nd3 a4 21. g5 Bxd3 22. Bxd3 h5 23. Kc2 g6 24. Bf2 Bd6 25. Rhe1 Bc7 26. Re2 Nb8 27. Kb1 Rd7 28. Bc2 a3 29. bxa3 Rfd8 30. Bb3 Bd6 31. Kb2 Na6 32. Bc2 b5 33. cxb5 cxb5 34. Bb3 Nc7 35. a4 Ra8 36. axb5 Ba3+ 37. Kb1 Nxb5 38. Rc2 Rad8 39. Rc4 Bf8 40. Kb2 Ba3+ 41. Ka1 Bf8 42. a4 Nxd4 43. Bxd4 Rxd4 44. Rdxd4 Rxd4 45. Rxd4 Bg7 46. a5 Bxd4+ 47. Ka2 Kf8 48. Ba4 Ke7 49. Kb3 f6 50. f4 fxg5 51. fxg5 e5 52. a6 Kd6 53. Be8 Kc7 54. Bxg6 Bf2 55. Bxh5 Bxh4 56. g6 Bf6 57. Be2 Kb6 58. Kc2 Kc6 59. Kd3 Bg7 60. Ke4 Kc7 61. Kd5 e4 62. Kxe4 Kc6 63. Kf5 Bd4 64. Ke6 Kc7 65. Kf7 Bc3 66. g7 Bxg7 67. Kxg7 Kb6 68. Kf6 Ka7 69. Ke5 Kb6 70. Kd4 Ka7 71. Kc5 Kb8 72. Kb6 Ka8 73. Bf3+ Kb8 74. a7+ Kc8 75. a8=Q+ 1-0


[Site "https://www.chess.com"]

[Event "Titled Tuesday Blitz April 11 Early 2023"]
[White "Arias, Juan Cruz"]
[Black "Kukhmazov, Arsen"]
[WhiteFideId "118540"]
[BlackFideId "24108260"]
[WhiteElo "2243"]
[BlackElo "2396"]
[Result "1/2-1/2"]
[Round "03"]
[TimeControl "180+2"]
[Date "2023.04.11"]
[WhiteClock "0:01:05"]
[BlackClock "0:00:56"]

1. d4 d5 2. Nf3 Nf6 3. e3 Bg4 4. c4 c6 5. cxd5 cxd5 6. Qb3 Qc7 7. Bd2 Nc6 8. Nc3 Bxf3 9. gxf3 e6 10. f4 a6 11. Bd3 g6 12. Rc1 Bd6 13. Ne2 O-O-O 14. Rc2 Kd7 15. Ng1 Ne4 16. Nf3 f6 17. Ke2 Qb8 18. Rhc1 Rc8 19. Qa4 Qa7 20. a3 b5 21. Qb3 Nxd2 22. Nxd2 Na5 23. Qa2 Nc4 24. a4 Qb6 25. b3 Nxd2 26. Kxd2 Qa5+ 27. Ke2 bxa4 28. Rxc8 Rxc8 29. Rxc8 Kxc8 30. bxa4 Kd8 31. Qc2 Qb6 32. Kf3 a5 33. Bb5 Qc7 1/2-1/2


[Site "https://www.chess.com"]

[Event "Titled Tuesday Blitz April 11 Early 2023"]
[White "Bharath Subramaniyam H"]
[Black "Odegov, Artem"]
[WhiteFideId "46634827"]
[BlackFideId "34183644"]
[WhiteElo "2395"]
[BlackElo "2300"]
[Result "1-0"]
[Round "03"]
[TimeControl "180+2"]
[Date "2023.04.11"]
[WhiteClock "0:00:44"]
[BlackClock "0:00:34"]

1. e4 e6 2. Qe2 d5 3. exd5 Qxd5 4. Nc3 Qd8 5. Nf3 Nf6 6. g3 Be7 7. Bg2 O-O 8. O-O c5 9. Ne5 Qc7 10. d3 a6 11. Bf4 Bd6 12. Rfe1 Nbd7 13. Nxd7 Nxd7 14. Bxd6 Qxd6 15. Ne4 Qc7 16. a4 Rb8 17. a5 Ne5 18. Nxc5 Qxc5 19. Qxe5 Qxe5 20. Rxe5 Bd7 21. d4 Rfc8 22. c3 f6 23. Re3 Kf7 24. h4 Rc7 25. Bh3 b6 26. axb6 Rxb6 27. b4 Rbc6 28. Ra3 Bc8 29. Bf1 h6 30. c4 Rb6 31. Reb3 Rd6 32. c5 Rxd4 33. Bxa6 Bxa6 34. Rxa6 Rb7 35. b5 Rd5 36. Rc6 Ke7 37. Rc8 Kd7 38. Rg8 Rxc5 39. Rxg7+ Kc8 40. Rg6 h5 41. Rxf6 Rb6 42. Kg2 Kd7 43. Rh6 Rbxb5 44. Re3 Re5 45. Rf3 Rf5 46. Rd3+ Rfd5 47. Rxh5 Ke7 48. Rh7+ Kf6 49. Rf3+ Kg6 50. Rhf7 Rf5 51. Re7 Kf6 52. Re8 Kf7 53. Rc8 Kg6 54. g4 Rxf3 55. Kxf3 Rb3+ 56. Kf4 Rb4+ 57. Kg3 Rc4 58. Rxc4 1-0


[Site "https://www.chess.com"]

[Event "Titled Tuesday Blitz April 11 Early 2023"]
[White "Asis Gargatagli, Hipolito"]
[Black "Jumanov, Elbek"]
[WhiteFideId "2260735"]
[BlackFideId "14202905"]
[WhiteElo "2557"]
[BlackElo "2055"]
[Result "1-0"]
[Round "03"]
[TimeControl "180+2"]
[Date "2023.04.11"]
[WhiteClock "0:02:07"]
[BlackClock "0:00:32"]

1. e4 c5 2. Nf3 e6 3. g3 Nc6 4. Bg2 Nf6 5. Qe2 d5 6. exd5 Nxd5 7. O-O Be7 8. Rd1 O-O 9. d4 Qc7 10. c4 Ndb4 11. Bf4 Qb6 12. dxc5 Bxc5 13. a3 Na6 14. b4 Naxb4 15. axb4 Nxb4 16. Nc3 f6 17. Na4 Qa5 18. Nxc5 Qxc5 19. Bd6 Qb6 20. Qb2 a5 21. Bxb4 Rd8 22. Bc3 Qc7 23. Rxd8+ Qxd8 24. Nd4 e5 25. Bd5+ Kh8 26. Nb5 Ra6 27. h4 Bf5 28. Bxb7 Ra8 29. Bxa8 Qxa8 30. Nd6 Bh3 31. Qb7 Qf8 32. Rxa5 1-0


[Site "https://www.chess.com"]

[Event "Titled Tuesday Blitz April 11 Early 2023"]
[White "Durarbayli, Vasif"]
[Black "Gil Alba, Hector Luis"]
[WhiteFideId "13402935"]
[BlackFideId "3504670"]
[WhiteElo "2551"]
[BlackElo "2331"]
[Result "1-0"]
[Round "03"]
[TimeControl "180+2"]
[Date "2023.04.11"]
[WhiteClock "0:00:03"]
[BlackClock "0:00:01"]

1. e4 e5 2. Nc3 Nf6 3. d4 exd4 4. Qxd4 Nc6 5. Qd3 Bb4 6. Bd2 O-O 7. O-O-O Re8 8. Nge2 d6 9. Bg5 h6 10. Bxf6 Qxf6 11. Nd5 Qd8 12. f4 Ba5 13. a3 Bb6 14. Nec3 Be6 15. Be2 Bxd5 16. Nxd5 Ne7 17. Nc3 Nc6 18. Bf3 Nd4 19. Nd5 Ne6 20. g3 Nc5 21. Qc4 c6 22. Nc3 Qe7 23. Rd2 Rad8 24. Rhd1 Ne6 25. Kb1 Ba5 26. Re2 Bxc3 27. Qxc3 Nc5 28. Rd4 Ne6 29. Rd1 Nc7 30. Red2 d5 31. exd5 Nxd5 32. Bxd5 cxd5 33. Rxd5 Rxd5 34. Rxd5 Qe6 35. Qd4 b6 36. Re5 Qc8 37. Rxe8+ Qxe8 38. Qd3 Qe1+ 39. Ka2 Qe6+ 40. b3 a5 41. a4 g6 42. Qc3 h5 43. Kb2 Qe2 44. h4 Qe6 45. Qd4 Kh7 46. Qe5 Qc6 47. f5 Qd7 48. fxg6+ fxg6 49. Qf6 Qc7 50. Qc3 Qd7 51. Qd3 Qc7 52. Kc1 Qe5 53. Kd2 Qf6 54. Qe3 Qd6+ 55. Qd3 Qf6 56. Ke2 Qe6+ 57. Qe3 Qf6 58. c4 Qb2+ 59. Kf3 Qf6+ 60. Kg2 Qb2+ 61. Kh3 Qf6 62. Qe2 Qf5+ 63. Kg2 Qf6 64. Qf3 Qb2+ 65. Kh3 Qg7 66. Qc6 Qd4 67. Qb7+ Kh6 68. Qf3 Qd7+ 69. Kg2 Qd2+ 70. Qf2 Qd3 71. Qb2 Kh7 72. Kf2 Qf5+ 73. Ke3 Qe6+ 74. Kd2 Qh3 75. Qe5 Qg2+ 76. Kc3 Qf3+ 77. Kb2 Qf2+ 78. Ka3 Qc2 79. Qb2 Qd3 80. Qf2 Qd6+ 81. Ka2 Qe6 82. Qd2 Qf6 83. Qf4 Qe6 84. Qc7+ Kh6 85. Qf4+ Kh7 86. Kb1 Qe1+ 87. Kc2 Qe2+ 88. Kc3 Qe1+ 89. Kd4 Qe6 90. Qe5 1-0


[Site "https://www.chess.com"]

[Event "Titled Tuesday Blitz April 11 Early 2023"]
[White "Haub, Thorsten Michael"]
[Black "Lobanov, Sergei"]
[WhiteFideId "4610776"]
[BlackFideId "24183750"]
[WhiteElo "2344"]
[BlackElo "2489"]
[Result "1-0"]
[Round "03"]
[TimeControl "180+2"]
[Date "2023.04.11"]
[WhiteClock "0:00:28"]
[BlackClock "0:00:05"]

1. g3 e5 2. Bg2 d5 3. d3 Nf6 4. Nd2 Bd6 5. e4 c6 6. Ngf3 O-O 7. O-O a5 8. a3 Na6 9. b3 Re8 10. Bb2 Bc7 11. h3 d4 12. Nh2 a4 13. b4 b5 14. f4 c5 15. bxc5 Nxc5 16. f5 Ba5 17. g4 Nfd7 18. Ndf3 b4 19. axb4 Bxb4 20. g5 a3 21. Bc1 a2 22. Bd2 Bxd2 23. Qxd2 f6 24. h4 Qa5 25. Qf2 Qc3 26. Ng4 Kh8 27. h5 Bb7 28. h6 gxh6 29. Nxh6 Re7 30. Qh4 Rg7 31. gxf6 Rxg2+ 32. Kxg2 Rf8 33. Qg5 Nxf6 34. Nxe5 Qxc2+ 35. Kg1 Qb3 36. Rf2 Nxd3 37. Rg2 Nh5 38. Nef7+ 1-0


[Site "https://www.chess.com"]

[Event "Titled Tuesday Blitz April 11 Early 2023"]
[White "Aravindh, Chithambaram VR."]
[Black "Novikova, Galina"]
[WhiteFideId "5072786"]
[BlackFideId "4157095"]
[WhiteElo "2596"]
[BlackElo "1953"]
[Result "1-0"]
[Round "03"]
[TimeControl "180+2"]
[Date "2023.04.11"]
[WhiteClock "0:01:22"]
[BlackClock "0:00:16"]

1. b3 e6 2. Bb2 d5 3. Nf3 Nf6 4. Rg1 c5 5. g4 Nc6 6. g5 Nd7 7. e3 b6 8. c4 Bb7 9. cxd5 exd5 10. d4 cxd4 11. Nxd4 Bb4+ 12. Nc3 O-O 13. a3 Nxd4 14. axb4 Ne6 15. Nb5 Qe7 16. Qd2 Nxg5 17. Be2 f6 18. Nc7 Rad8 19. Rxa7 Bc8 20. Nxd5 Qd6 21. Nxf6+ Rxf6 22. Qxd6 Rxd6 23. Rxg5 g6 24. Bc4+ Kf8 25. b5 Nc5 26. Bg7+ Ke8 27. Bf7# 1-0


[Site "https://www.chess.com"]

[Event "Titled Tuesday Blitz April 11 Early 2023"]
[White "Svane, Rasmus"]
[Black "Ruiz Aguilar, Pablo Alexander"]
[WhiteFideId "4657101"]
[BlackFideId "4401352"]
[WhiteElo "2597"]
[BlackElo "2138"]
[Result "1-0"]
[Round "03"]
[TimeControl "180+2"]
[Date "2023.04.11"]
[WhiteClock "0:01:49"]
[BlackClock "0:00:44"]

1. Nf3 d5 2. g3 Nf6 3. Bg2 c6 4. O-O Bf5 5. c4 e6 6. Qb3 Qb6 7. d3 Nbd7 8. cxd5 exd5 9. Qc2 Be7 10. Nc3 O-O 11. e4 Bg6 12. Nh4 dxe4 13. dxe4 Ng4 14. Nxg6 hxg6 15. h3 Nge5 16. Be3 Qc7 17. f4 Nc4 18. Bf2 Bc5 19. Rae1 Bxf2+ 20. Qxf2 b5 21. e5 Ndb6 22. b3 Na5 23. Ne4 Nd5 24. h4 Nb7 25. Qf3 Qb6+ 26. Kh2 a5 27. h5 Nb4 28. e6 fxe6 29. hxg6 Rf5 30. Bh3 Raf8 31. Bxf5 exf5 32. Qh5 1-0


[Site "https://www.chess.com"]

[Event "Titled Tuesday Blitz April 11 Early 2023"]
[White "Rakhmatullaev, Almas"]
[Black "Tregubov, Pavel V."]
[WhiteFideId "14205793"]
[BlackFideId "4115341"]
[WhiteElo "2221"]
[BlackElo "2425"]
[Result "1-0"]
[Round "03"]
[TimeControl "180+2"]
[Date "2023.04.11"]
[WhiteClock "0:00:42"]
[BlackClock "0:00:41"]

1. e4 c5 2. c3 Nf6 3. e5 Nd5 4. d4 cxd4 5. Qxd4 e6 6. Nf3 Nc6 7. Qe4 f5 8. Qe2 d6 9. g3 dxe5 10. Nxe5 Nxe5 11. Qxe5 Qc7 12. Qe2 Be7 13. Bg2 O-O 14. O-O Bf6 15. Nd2 Bd7 16. Nf3 Rfe8 17. Bg5 e5 18. Rad1 Bc6 19. Qc4 Qf7 20. Bxf6 Nxf6 21. Qxf7+ Kxf7 22. Rfe1 Bxf3 23. Bxf3 e4 24. Be2 Rad8 25. Bb5 Rxd1 26. Bxe8+ Kxe8 27. Rxd1 Ke7 28. Kf1 g5 29. Ke2 h5 30. a4 h4 31. f3 exf3+ 32. Kxf3 h3 33. Rd4 Ke6 34. a5 Ke5 35. Rb4 g4+ 36. Ke2 Ne4 37. Rxb7 f4 38. Re7+ 1-0


[Site "https://www.chess.com"]

[Event "Titled Tuesday Blitz April 11 Early 2023"]
[White "Pranesh M"]
[Black "polandchessplayer"]
[WhiteFideId "35028600"]
[WhiteElo "2437"]
[BlackElo "2650"]
[Result "1/2-1/2"]
[Round "03"]
[TimeControl "180+2"]
[Date "2023.04.11"]
[WhiteClock "0:00:17"]
[BlackClock "0:00:07"]

1. e4 c6 2. d4 d5 3. e5 Bf5 4. Nc3 e6 5. g4 Bg6 6. Nge2 h6 7. h4 Ne7 8. h5 Bh7 9. g5 hxg5 10. Bxg5 Qb6 11. b3 Na6 12. Na4 Qc7 13. Ng3 Nb4 14. Bd3 Nxd3+ 15. cxd3 Nf5 16. Nxf5 Bxf5 17. Qf3 Bb4+ 18. Ke2 b5 19. Nc5 Bxc5 20. dxc5 Qxe5+ 21. Qe3 Bg4+ 22. f3 Qxe3+ 23. Bxe3 Bxh5 24. Rag1 g6 25. Bd4 Rh7 26. Bf6 Kd7 27. Ke3 a5 28. d4 a4 29. Kf4 Rh6 30. Ke5 Rh7 31. Bg5 Rhh8 32. b4 f6+ 33. Bxf6 Rhg8 34. a3 Raf8 35. Rg5 Kc7 36. Rh4 Kd7 37. Rh2 Kc7 38. Rh1 Kd7 39. Rh4 Kc7 40. Rh3 Kd7 41. Rh1 Re8 42. Rh4 Rgf8 43. Rf4 Rf7 44. Rg1 Ref8 45. Rg3 Re8 46. Rg2 Ref8 47. Rg1 Re8 48. Rg3 Kc7 49. Rg2 Kd7 50. Rg1 Rg8 51. Rg3 Rgf8 52. Rg5 Re8 53. Rg2 Ref8 54. Rg1 Re8 55. Rg3 Ref8 56. Rg2 Re8 57. Rg1 1/2-1/2


[Site "https://www.chess.com"]

[Event "Titled Tuesday Blitz April 11 Early 2023"]
[White "Darini, Pouria"]
[Black "Cornette, Matthieu"]
[WhiteFideId "12502200"]
[BlackFideId "620084"]
[WhiteElo "2482"]
[BlackElo "2478"]
[Result "1/2-1/2"]
[Round "03"]
[TimeControl "180+2"]
[Date "2023.04.11"]
[WhiteClock "0:00:04"]
[BlackClock "0:00:07"]

1. d4 Nf6 2. Bg5 Ne4 3. h4 d5 4. Nd2 Nd6 5. e3 f6 6. Bf4 Nf7 7. Ngf3 Bg4 8. Be2 Nd7 9. c4 e5 10. dxe5 fxe5 11. Nxe5 Bxe2 12. Nxf7 Bxd1 13. Nxd8 Bg4 14. Nxb7 Rb8 15. Na5 Rxb2 16. Nc6 Nc5 17. Ne5 Bf5 18. cxd5 Nd3+ 19. Nxd3 Bxd3 20. a3 Bd6 21. Bxd6 cxd6 22. Rc1 Kd7 23. Rh3 Ra2 24. e4 Rc8 25. Rxc8 Ra1+ 26. Nb1 Rxb1+ 27. Kd2 Bxe4 28. Rhc3 Bxd5 29. R3c7+ Ke6 30. Re8+ Kf6 31. g4 h6 32. f4 Bf3 33. Rd8 Bxg4 34. Rxd6+ Kf5 35. Rf7+ Ke4 36. Kc3 Rc1+ 37. Kb2 Rh1 38. Rxg7 Rxh4 39. Rxa7 Kxf4 40. Rf7+ Kg3 41. a4 Rh2+ 42. Kc3 h5 43. Rg6 Ra2 44. Kb3 Ra1 45. Rh7 Kh4 46. Rf7 Bd1+ 47. Kb2 Rxa4 48. Rd6 Bg4 49. Kb3 Ra1 50. Rf2 Rg1 51. Kc3 Kg3 52. Rf8 h4 53. Rg8 Kh3 54. Rd3+ Rg3 55. Kd4 Rxd3+ 56. Kxd3 Kg3 57. Ke3 h3 58. Rxg4+ Kxg4 59. Kf2 Kf4 60. Kg1 Kg3 61. Kh1 h2 1/2-1/2


[Site "https://www.chess.com"]

[Event "Titled Tuesday Blitz April 11 Early 2023"]
[White "Timofeev, Artyom"]
[Black "Skvortsov, Andrei"]
[WhiteFideId "4140419"]
[BlackFideId "24108600"]
[WhiteElo "2586"]
[BlackElo "2259"]
[Result "1-0"]
[Round "03"]
[TimeControl "180+2"]
[Date "2023.04.11"]
[WhiteClock "0:01:52"]
[BlackClock "0:01:21"]

1. c4 g6 2. Nc3 Bg7 3. g3 e5 4. Bg2 Ne7 5. d3 O-O 6. h4 h5 7. Nf3 d5 8. cxd5 Nxd5 9. Bg5 f6 10. Bd2 c6 11. O-O Kh7 12. a3 Be6 13. e4 Ne7 14. Be3 Nd7 15. d4 exd4 16. Nxd4 Bg8 17. Nf5 Nxf5 18. exf5 Bf7 19. Be4 Bh6 20. fxg6+ Bxg6 21. Qxh5 1-0


[Site "https://www.chess.com"]

[Event "Titled Tuesday Blitz April 11 Early 2023"]
[White "Seo, Jung Min"]
[Black "Bacallao Alonso, Yusnel"]
[WhiteFideId "1734687"]
[BlackFideId "3507416"]
[WhiteElo "2468"]
[BlackElo "2561"]
[Result "1-0"]
[Round "03"]
[TimeControl "180+2"]
[Date "2023.04.11"]
[WhiteClock "0:00:15"]
[BlackClock "0:00:05"]

1. e4 c6 2. d4 d5 3. e5 c5 4. Nf3 cxd4 5. Nxd4 Nc6 6. c4 e6 7. Nc3 Bc5 8. Nxc6 bxc6 9. cxd5 cxd5 10. b4 Be7 11. a3 Bd7 12. Be2 Qc7 13. Qd4 Nh6 14. Bxh6 gxh6 15. O-O O-O 16. Rac1 Qb6 17. Qg4+ Kh8 18. Nxd5 exd5 19. Qxd7 Bg5 20. Rcd1 Rad8 21. Qf5 Qe6 22. Bd3 Qxf5 23. Bxf5 Bf4 24. Rfe1 Rfe8 25. e6 fxe6 26. Rxe6 Rxe6 27. Bxe6 d4 28. g3 Be5 29. Rd3 Rd6 30. Bb3 Rc6 31. f4 Bf6 32. Kf2 Rc1 33. Kf3 Ra1 34. a4 Kg7 35. Ke4 h5 36. Kf5 Rc1 37. Bd1 h4 38. g4 Rc4 39. b5 h6 40. Ke6 Rc1 41. a5 Rc5 42. Rb3 Bd8 43. b6 axb6 44. a6 Ra5 45. Be2 Bc7 46. Rd3 Ra4 47. f5 Bxh2 48. f6+ Kg6 49. Rf3 d3 50. Bxd3+ Kg5 51. f7 1-0


[Site "https://www.chess.com"]

[Event "Titled Tuesday Blitz April 11 Early 2023"]
[White "Erdogdu, Mert"]
[Black "Postnikov, Daniil"]
[WhiteFideId "6301495"]
[BlackFideId "4166329"]
[WhiteElo "2407"]
[BlackElo "2261"]
[Result "1-0"]
[Round "03"]
[TimeControl "180+2"]
[Date "2023.04.11"]
[WhiteClock "0:00:01"]
[BlackClock "0:00:02"]

1. e4 e6 2. d4 d5 3. exd5 exd5 4. c4 Bb4+ 5. Nc3 Ne7 6. Bd3 dxc4 7. Bxc4 Nbc6 8. Nf3 O-O 9. h3 Bf5 10. O-O h6 11. a3 Bd6 12. Be3 a6 13. Qd2 Qd7 14. Bxh6 gxh6 15. Qxh6 Bg6 16. Nh4 Bh7 17. Rfe1 Nf5 18. Nxf5 Qxf5 19. Re4 Ne7 20. Rg4+ Ng6 21. Ne4 Bf4 22. Ng5 Bxg5 23. Rxg5 Qe4 24. Bd5 Qxd4 25. Rxg6+ Bxg6 26. Qxg6+ Qg7 27. Qc2 c6 28. Bf3 Rad8 29. Rc1 Qg5 30. Qc4 Rfe8 31. h4 Qd2 32. Qg4+ Kf8 33. Rc5 Rd4 34. Qh5 Re1+ 35. Kh2 Ke7 36. Re5+ Rxe5 37. Qxe5+ Kd8 38. Qb8+ Ke7 39. Qxb7+ Kf6 40. Qxc6+ Kg7 41. Qc3 Qxc3 42. bxc3 Rxh4+ 43. Kg3 Ra4 44. Bd5 Rxa3 45. Kf4 a5 46. c4 a4 47. Ke5 Ra2 48. c5 Rxf2 49. c6 Rc2 50. Kd6 a3 51. c7 Kf6 52. Kd7 Kg5 53. Bxf7 Kg4 54. Bd5 Kg3 55. Bc6 1-0


[Site "https://www.chess.com"]

[Event "Titled Tuesday Blitz April 11 Early 2023"]
[White "Riehle, Marco"]
[Black "Martic, Ivan"]
[WhiteFideId "12904392"]
[BlackFideId "929301"]
[WhiteElo "2462"]
[BlackElo "2360"]
[Result "0-1"]
[Round "03"]
[TimeControl "180+2"]
[Date "2023.04.11"]
[WhiteClock "0:02:02"]
[BlackClock "0:01:49"]

1. e4 c5 2. a3 g6 3. h4 d5 4. exd5 Nf6 5. h5 Nxh5 6. Rxh5 gxh5 7. c4 Nd7 8. Nc3 Nf6 9. d4 e6 10. Bg5 Rg8 11. Nf3 exd5 12. Nxd5 Rxg5 13. Nxg5 Nxd5 14. Qe2+ Kd7 15. Nxf7 Qa5+ 16. b4 Nxb4 17. O-O-O Qxa3+ 18. Kb1 Qb3+ 19. Kc1 Na2+ 0-1


[Site "https://www.chess.com"]

[Event "Titled Tuesday Blitz April 11 Early 2023"]
[White "Escanor89"]
[Black "Rodshtein, Maxim"]
[BlackFideId "2806851"]
[WhiteElo "2558"]
[BlackElo "2555"]
[Result "0-1"]
[Round "03"]
[TimeControl "180+2"]
[Date "2023.04.11"]
[WhiteClock "0:00:01"]
[BlackClock "0:00:16"]

1. c4 g6 2. Nc3 Bg7 3. d4 d6 4. e4 Nc6 5. Be3 e5 6. Nge2 Nf6 7. f3 O-O 8. d5 Ne7 9. Qd2 c6 10. O-O-O cxd5 11. cxd5 Bd7 12. Kb1 b5 13. Nc1 a6 14. g4 Nc8 15. Bd3 Nb6 16. h4 h5 17. Bg5 hxg4 18. fxg4 Bxg4 19. Rdf1 Nbd7 20. h5 gxh5 21. N1e2 b4 22. Nd1 Qb6 23. Ng3 Rfc8 24. Nf2 Bf3 25. Rh2 Nc5 26. Bxf6 Bxf6 27. Nxh5 Bxh5 28. Rxh5 Kf8 29. Ng4 Bg7 30. Rhf5 Ra7 31. Nf6 Nxd3 32. Qxd3 Bxf6 33. Rxf6 Qc5 34. Qd2 Ke8 35. Qf2 Qxf2 36. R1xf2 Rac7 37. Rf1 Rd7 38. b3 a5 39. Kb2 Rc3 40. a3 Re3 41. axb4 axb4 42. Rc1 Re2+ 43. Kb1 Rxe4 44. Rc6 Ke7 0-1


[Site "https://www.chess.com"]

[Event "Titled Tuesday Blitz April 11 Early 2023"]
[White "Ioannidis, Evgenios"]
[Black "Deng, Henry"]
[WhiteFideId "4229274"]
[BlackFideId "30965454"]
[WhiteElo "2386"]
[BlackElo "2528"]
[Result "1-0"]
[Round "03"]
[TimeControl "180+2"]
[Date "2023.04.11"]
[WhiteClock "0:00:10"]
[BlackClock "0:00:05"]

1. d4 d5 2. c4 c6 3. Nc3 Nf6 4. cxd5 cxd5 5. Bf4 Nc6 6. e3 Bf5 7. Qb3 Na5 8. Qa4+ Bd7 9. Qc2 e6 10. Bd3 Bb4 11. Nf3 O-O 12. O-O Rc8 13. Rfc1 h6 14. h3 Be7 15. Ne5 Be8 16. Qe2 a6 17. Rc2 b5 18. Rac1 Nc4 19. a4 Qb6 20. axb5 axb5 21. Nd1 Ra8 22. b3 Nxe5 23. Bxe5 Nd7 24. Bc7 Qb7 25. Bxb5 Nf6 26. Bd3 Qxb3 27. Rb2 Qa3 28. Nc3 Bd7 29. Nb5 Bxb5 30. Bxb5 Rfc8 31. Rbc2 Qb4 32. Ba6 Rxa6 33. Qxa6 Re8 34. Qc6 Rf8 35. Be5 Ne4 36. f3 Ng5 37. Qc3 Qb5 38. Rb2 Qa6 39. Qe1 h5 40. Ra1 Qc6 41. Rc1 Qa6 42. Rbc2 Nh7 43. Qg3 f6 44. Rc7 Rf7 45. Bf4 Nf8 46. Rc8 g5 47. h4 Rg7 48. hxg5 fxg5 49. Be5 Rh7 50. R8c7 h4 51. Qg4 Qd3 52. Rxe7 Qxe3+ 53. Kh2 Qxc1 54. Re8 Rf7 55. Qxe6 Qe3 56. Rxf8+ Kxf8 57. Bd6+ Kg7 58. Qxe3 1-0


[Site "https://www.chess.com"]

[Event "Titled Tuesday Blitz April 11 Early 2023"]
[White "Matinian, Nikita"]
[Black "Hajiyev, Kanan"]
[WhiteFideId "24129100"]
[BlackFideId "13404148"]
[WhiteElo "2422"]
[BlackElo "2103"]
[Result "1-0"]
[Round "03"]
[TimeControl "180+2"]
[Date "2023.04.11"]
[WhiteClock "0:00:04"]
[BlackClock "0:00:01"]

1. e4 c6 2. d4 d5 3. e5 a6 4. Nf3 Bg4 5. Nbd2 e6 6. Bd3 c5 7. h3 Bh5 8. c4 Nc6 9. cxd5 Qxd5 10. Be4 Qd7 11. O-O cxd4 12. Nc4 Bc5 13. Bf4 Nge7 14. Rc1 O-O 15. Nd6 Bxd6 16. exd6 Nd5 17. Bxd5 exd5 18. g4 Bg6 19. Nxd4 h5 20. f3 Rfe8 21. Rf2 Ne5 22. Bxe5 Rxe5 23. f4 Re3 24. Rc3 Rxc3 25. bxc3 Be4 26. Kh2 Qxd6 27. gxh5 Rc8 28. Qg4 Rxc3 29. Ne2 f5 30. Qg5 Rc2 31. Qg3 d4 32. h6 Qxh6 33. Nxd4 Rxf2+ 34. Qxf2 Qf6 35. a4 Qb6 36. Qd2 Qb1 37. Ne6 Qh1+ 38. Kg3 Qg1+ 39. Kh4 Qg6 40. Qd8+ Kf7 41. Ng5+ Qxg5+ 42. Kxg5 1-0


[Site "https://www.chess.com"]